groovejumper, neutral female human Wizard #.Y.}}}}}}}}}}}}}}}}}}}}}}}}}}}}}}}}..}}...}}}}}}}}}}}}}....#.....}}}}...#.. .Y}}}}}}}}}}}}}}}}}}}..}}}}}}}}}}}}}}}}}}}}}}}}}}}}}}}}}}.......}}}}}}}..... |.}}..}}}----------------------------------------------}}}}}}}..------------- |}}}}}}}}#)))-|.........|........|......-.^..^.-.....(|}}}}}}}}}|.......|...| |}}}};}}}|).))|......(..)).......|......|------|......|}.}}}}}}}|.---.|.---.| |}}}}.};}|)..)-.........|).......-......|......|......|}..}}}}}.-.|...|...[.| |}}}.#.}}|))))|----------........|......|......|-.....|}}}}}}}}.|--.-------.| |}}}}@.}}|----|.......|*.........|..)...|......|-....--}}}}.....|...|.|...<.| |}}};V;}}|(...|.}}}}}.|[)........|-####-|......|}}}}}}}}}....#..|.---.|.----| |.}}}}}..|(...-.}}}}}.-........).))^)^)^-..{....}............[..|.|...|.....| |#.}}}.}.|(...|.}}}}}.|).........|-####-|......|}}}}}}}}...}....|--.|.|----.| |}.}}}}}}|----|.......|..........|......|......|-####--}}.}}}...|...|.|...|.| |}}}}}}}}|[[.[|----------.[......|.../..|......|-...%.|}}}}}....|.--|.|.|.|.| |}}}}}s}}|[[[.-.........|.))............|......|......|}}}}}}}..|.|.|.|.|.|.| |}}}}....|[.[[|...*?*=/.[[.)...%.|......|------|......|}}}}}}}}.|.|.|.|.|.|.| |}}}.....#[[[-|......./%|).......|......-.^..^.%.....(|}}....}}}|.|.....|.|.| |}}..}...----------------------------------------------}..}...}}|.|--------.| |}}}}}......}}}}...}}}}}}}..}}......}}}}}}}}}}}}}}}}}}}}.....}}}|.|.....|...| |}}}}}}...}}}}}}}}...}}.}..}}}}.#.}}}}}}}}}...}}}}}.}}}}}}}...}}|.|.---.|.--| |}}}}}}}}}}}}}.}}}}}}}}}}.}}}}}}}..}}.}}}.......}}.}}...}}}}}}}.|.....|.....| |}}}}}}}}}.....}}}}}}}}}}}}}}}}}}}}}}}}.....#..}}}}}}}}.}}}}}}..------------- groovejumper the Sorceress Experience level: 20 Strength: 25 Dexterity: 17 Constitution: 17 Intelligence: 23 Wisdom: 22 Charisma: 11 Health: 0(139) Energy: 290(290) AC: -20 Gold: 0 Moves: 35062 Your Inventory: Amulets j - the blessed Eye of the Aethiopica (being worn) Weapons a - the blessed rustproof +4 Magicbane (weapon in hand) K - a blessed greased fireproof +5 quarterstaff of frost Armor n - a blessed greased fireproof +2 pair of leather gloves of fire resistance (being worn) p - a blessed greased fireproof +2 pair of high boots of power (being worn) q - a blessed +5 cloak of magic resistance (being worn) D - a blessed +4 Hawaiian shirt (being worn) F - a blessed rustproof +5 helm of brilliance (being worn) V - a blessed greased +2 acid dragon scale mail (being worn) Comestibles h - an uncursed lizard corpse Scrolls I - a [blessed] scroll of teleportation T - a blessed scroll of remove curse Spellbooks M - an uncursed spellbook of dig Potions Q - an [uncursed] potion of object detection Rings e - an uncursed ring of regeneration t - an uncursed ring of levitation y - an uncursed ring of conflict Z - a blessed ring of slow digestion (on right hand) Wands N - an [uncursed] wand of digging [0:5] P - an [uncursed] wand of slow monster [0:6] Tools b - a blessed bag of holding k - an uncursed skeleton key l - an uncursed stethoscope o - an uncursed sack named cancellation u - a blessed +0 unicorn horn w - an uncursed magic whistle B - an uncursed towel L - an [uncursed] tinning kit [0:66] S - an uncursed magic marker (0:20) X - an uncursed magic lamp Gems J - a blessed luckstone Contents of the bag of holding: 15150 gold pieces a cursed amulet of magical breathing 41 uncursed C-rations 21 uncursed K-rations 2 uncursed apples 3 uncursed avacados an uncursed candy bar an uncursed carrot an uncursed cream pie an uncursed [stale scorpion] egg 26 uncursed food rations 3 uncursed fortune cookies an uncursed lembas wafer 6 uncursed lizard corpses 12 uncursed lumps of royal jelly an uncursed orange 2 uncursed pancakes an uncursed tin [of rust monster meat] a cursed tin of quantum mechanic meat a blessed tin of spinach 2 [blessed] tins of stalker meat 2 uncursed tins of tengu meat an uncursed tripe ration 2 uncursed scrolls of charging 2 uncursed scrolls of enchant weapon 2 uncursed scrolls of genocide an uncursed scroll of gold detection 4 uncursed scrolls of remove curse a blessed scroll of stinking cloud an [uncursed] spellbook of identify an [uncursed] spellbook of levitation an [uncursed faint] spellbook of magic mapping an [uncursed] spellbook of magic missile an uncursed spellbook of remove curse 2 uncursed potions of extra healing a cursed potion of extra healing a cursed potion of gain energy a potion of holy water 3 uncursed potions of restore ability a potion of unholy water an uncursed ring of conflict an uncursed ring of fire resistance an uncursed ring of free action an uncursed ring of invisibility an uncursed ring of levitation a cursed ring of polymorph an uncursed ring of polymorph control an uncursed ring of regeneration an uncursed ring of see invisible a cursed ring of slow digestion an uncursed ring of sustain ability an uncursed wand of cold (0:7) an uncursed wand of cold [0:0] an uncursed wand of create monster (0:15) an uncursed wand of create monster (0:14) an uncursed wand of create monster (0:13) an uncursed wand of create monster (0:13) an uncursed wand of death (0:4) an uncursed wand of digging [0:3] an [uncursed] wand of digging [0:7] an [uncursed] wand of digging [0:8] a cursed wand of fire (0:1) an uncursed wand of light (0:15) an uncursed wand of light (0:13) a cursed wand of lightning (0:3) an [uncursed] wand of lightning [0:6] an [uncursed] wand of lightning [0:2] an uncursed wand of locking (0:8) an uncursed wand of locking (0:7) a cursed wand of magic missile (0:2) an uncursed wand of make invisible (0:5) an uncursed wand of opening (0:6) an uncursed wand of secret door detection (0:13) an uncursed wand of sleep [0:7] an uncursed wand of sleep [0:4] an uncursed wand of sleep [0:5] a cursed wand of sleep [0:6] an [uncursed] wand of sleep [0:3] an uncursed wand of slow monster (0:6) an uncursed wand of speed monster (0:5) an uncursed wand of striking (0:6) an uncursed wand of striking (0:4) an uncursed wand of striking (0:1) an uncursed wand of undead turning (0:7) an uncursed wand of undead turning (0:4) an uncursed wand of wishing (1:2) an uncursed wand of wishing (1:0) an uncursed can of grease (0:11) an uncursed can of grease (0:10) an uncursed lock pick an uncursed magic lamp an uncursed magic marker (0:13) an uncursed magic whistle an uncursed sack an uncursed +0 thirsty pick-axe a blessed tinning kit (0:27) Contents of the sack named cancellation: a cursed wand of cancellation (0:8) an uncursed wand of cancellation (0:6) Spells known in the end: Name Level Category Fail Memory a - force bolt 1 attack 0% [||......] b - create monster 2* clerical 0% [........] c - sleep 1 enchantment 0% [||||||..] d - detect food 2* divination 0% [........] e - create familiar 6* clerical 90% [........] f - cause fear 3* enchantment 0% [........] g - magic mapping 5 divination 0% [|||||...] h - identify 3 divination 0% [|||||...] i - teleport away 6 escape 90% [||||||..] j - charm monster 3 enchantment 0% [||||||..] k - cure sickness 3 healing 9% [||||||..] l - extra healing 3 healing 9% [|||||||.] m - magic missile 2 attack 0% [||||||||] n - protection 1 clerical 0% [||||||||] o - remove curse 3 clerical 9% [||||||||] p - detect monsters 1 divination 0% [||||||||] q - cone of cold 4 attack 0% [||||||||] r - haste self 3 escape 9% [||||||||] s - detect treasure 4 divination 0% [||||||||] t - healing 1 healing 0% [||||||||] u - levitation 4 escape 43% [||||||||] Your skills at the end: Fighting Skills Weapon Skills dagger [Expert / Expert] quarterstaff [Expert / Expert] Spellcasting Skills attack spells [Expert / Expert] divination spells [Skilled / Expert] enchantment spells [Basic / Skilled] Final Attributes: You were piously aligned. Hunger level was 425. Your alignment was 185 / 185. Monster difficulty range was 4 - 22. Level difficulty was 25. You were immune to fire. You resisted cold. You resisted poison. You were magic-protected. You were immune to acid. You resisted spell damage. You were telepathic. You were warned. You could teleport. You had teleport control. You had slower digestion. You were fast. You were lucky (3). You had extra luck. Good luck did not time out for you. You are dead (2nd time!). Vanquished creatures: Medusa a purple worm a tatzelworm a wyvern a lindworm a sirrush a sarkany a minotaur The Dark One a baluchitherium a baby gold dragon a guardian naga 2 disenchanters 2 vampire lords 7 water trolls 2 clay golems 2 nurses Aphrodite a lurker above a frost giant a golden naga 8 vampires 3 lieutenants 4 ghosts a queen bee 4 locusts a winged gargoyle 4 giant mimics a fire giant 3 ogre kings 2 ice trolls 3 rock trolls 2 umber hulks a flesh golem 4 Elvenkings a large mimic a wumpus 2 fire vortices a baby long worm 4 long worms a couatl 4 stalkers 3 air elementals a fire elemental 3 earth elementals a giant mummy 6 xorns 7 giant zombies 8 elf-lords 14 sergeants 2 water demons 7 wargs 14 small mimics 3 glass piercers a rodent of unusual size a warhorse 6 xans 6 ettin mummies 4 ogre lords 2 quantum mechanics 3 sasquatches a wood golem a djinni a shark 2 electric eels 2 gelatinous cubes 2 pyrolisks 2 large dogs 3 freezing spheres 2 flaming spheres 3 shocking spheres 3 tigers 2 gargoyles 2 dwarf kings 11 tengu 4 ochre jellies a leocrotta 4 mountain centaurs 3 elf mummies 2 human mummies a red naga 4 pit vipers 4 pythons a cobra 7 wraiths 3 carnivorous apes 6 ettin zombies 2 leather golems 44 soldiers a succubus an incubus 3 chameleons 2 crocodiles 2 giant beetles 2 quivering blobs 9 cockatrices 2 wolves 3 winter wolf cubs a panther 44 gremlins 2 spotted jellies 13 leprechauns an orc-captain 3 iron piercers a mumak 13 giant spiders 3 scorpions 2 horses 4 black lights 46 vampire bats 4 forest centaurs 3 gnome kings 4 orc mummies 5 dwarf mummies 3 ogres 6 brown puddings 10 rust monsters 8 owlbears 3 yetis 12 Green-elves 5 giant eels 8 lizards an apprentice 8 chickatrices 2 dogs 2 dingos 2 housecats 4 jaguars 8 dwarf lords a blue jelly 4 dust vortices 13 ravens a plains centaur 10 gnome mummies 5 snakes 6 water moccasins 5 human zombies 2 rope golems 6 Woodland-elves 3 fire ants 4 snow ants 17 bugbears 4 lemures 6 quasits 10 wood nymphs 9 water nymphs 20 mountain nymphs 13 Mordor orcs an Uruk-hai 9 rock piercers 8 enormous rats 10 rock moles 2 ponies 5 fog clouds 5 yellow lights 2 shriekers 4 violet fungi 20 gnome lords 7 gnomish wizards 2 kobold mummies a red naga hatchling a golden naga hatchling 2 gray oozes 3 barrow wights 2 elf zombies 5 ghouls 3 straw golems 4 paper golems a wax golem 5 baby crocodiles 7 giant ants 2 little dogs 11 floating eyes a kitten 17 dwarves 8 homunculi a kobold lord 2 kobold shamans 29 hill orcs 17 rothes 2 rabid rats a centipede 17 giant bats a monkey 3 orc zombies 3 dwarf zombies a wererat 5 werejackals a mugger 5 iguanas 72 killer bees an acid blob 13 coyotes 5 gas spores 2 hobbits 11 manes 2 large kobolds 11 hobgoblins 10 giant rats 4 cave spiders 3 brown molds 6 yellow molds 3 green molds a red mold 64 gnomes 3 garter snakes 5 gnome zombies 4 geckos 7 jackals 4 foxes 5 kobolds 6 goblins 4 sewer rats 11 grid bugs 6 bats 4 lichens 5 kobold zombies 3 newts 1207 creatures vanquished. Genocided or extinct species: mind flayers liches 2 species genocided. 2 species extinct. Voluntary challenges: You used a wielded weapon 1823 times. You read items or engraved 98 times. You put on armor 59 times. You genocided 2 types of monsters. You polymorphed 418 items. You never changed form. You used 4 wishes. You used 2 wishes for magical items. You did not wish for any artifacts. You wrote Elbereth's name 20 times. You encountered 3 bones levels. You never used any Sokoban shortcuts. Dungeon overview: The Dungeons of Doom: levels 1 to 25 Level 1 a sink a long staircase Level 3 a wand shop, an altar to Thoth Level 4 an armor shop stairs to The Gnomish Mines Level 5 an altar, a sink Level 6 a sink Level 7 some fountains Level 8 a general store, an altar stairs to Sokoban Level 9 many fountains, many trees Level 10 an altar to Thoth stairs to Town Level 12 a fountain Level 13 a potion shop, an altar, a fountain Level 14 an altar portal to The Quest Level 15 a fountain, a sink Level 17 a sink, many trees Level 19 an altar to Thoth Level 21 a temple to Thoth, a fountain Level 25 <- You were here a magic chest, a fountain, many trees Gehennom: Level 26 a temple, a magic chest stairs to The Dungeons of Doom The Gnomish Mines: levels 5 to 12 Level 5 stairs to The Dungeons of Doom Level 7 many shops, a temple to Thoth, a magic chest, some fountains The Quest: levels 1 to 5 Level 1 a magic chest portal to The Dungeons of Doom Level 5 a temple Sokoban: levels 5 to 7 Level 7 a magic chest stairs to The Dungeons of Doom Town: levels 7 to 9 Level 7 some shops, some fountains, a sink Level 8 many fountains, many trees Level 9 stairs to The Dungeons of Doom History has recorded: On T:1 you entered the Dungeons of Doom to retrieve the Amulet of Yendor! On T:665 you advanced to experience level 2. On T:779 you reached level 2 of The Dungeons of Doom. On T:942 you advanced to experience level 3. On T:1073 you reached level 3 of The Dungeons of Doom. On T:1370 you advanced to experience level 4. On T:1424 you reached level 4 of The Dungeons of Doom. On T:1761 you advanced to experience level 5. On T:2620 you reached level 1 of The Gnomish Mines. On T:2639 you advanced to experience level 6. On T:2949 you received a fireproof quarterstaff of frost from Thoth. On T:3100 you advanced to experience level 7. On T:3239 you reached level 5 of The Dungeons of Doom. On T:4293 you advanced to experience level 8. On T:4321 you reached level 2 of The Gnomish Mines. On T:4766 you reached level 3 of The Gnomish Mines. On T:5927 you advanced to experience level 9. On T:6113 you wished for "blessed greased +2 gold dragon scales". On T:6448 you reached level 4 of The Gnomish Mines. On T:7017 you reached level 5 of The Gnomish Mines. On T:7559 you reached level 6 of The Gnomish Mines. On T:8075 you reached level 7 of The Gnomish Mines. On T:8093 you advanced to experience level 10. On T:8486 you reached level 8 of The Gnomish Mines. On T:10029 you advanced to experience level 11. On T:11036 you reached level 6 of The Dungeons of Doom. On T:11256 you reached level 7 of The Dungeons of Doom. On T:11307 you received advice from The Oracle. On T:11464 you reached level 8 of The Dungeons of Doom. On T:11666 you reached level 3 of Sokoban. On T:12863 you reached level 2 of Sokoban. On T:13349 you reached level 1 of Sokoban. On T:15261 you reached level 9 of The Dungeons of Doom. On T:16660 you reached level 10 of The Dungeons of Doom. On T:18112 you reached level 11 of The Dungeons of Doom. On T:18133 you reached level 3 of Town. On T:18278 you reached level 2 of Town. On T:19687 you killed Aphrodite on level 2 of Town. On T:19687 you advanced to experience level 12. On T:20184 you reached level 1 of Town. On T:21278 you reached level 12 of The Dungeons of Doom. On T:22827 you reached level 13 of The Dungeons of Doom. On T:23406 you reached level 14 of The Dungeons of Doom. On T:23519 you reached level 1 of The Quest. On T:23781 you embarked upon an epic quest. On T:23785 you advanced to experience level 13. On T:23835 you genocided all liches On T:23845 you reached level 2 of The Quest. On T:24093 you reached level 3 of The Quest. On T:24904 you advanced to experience level 14. On T:24953 you reached level 4 of The Quest. On T:25055 you advanced to experience level 15. On T:25216 you reached level 5 of The Quest. On T:25572 you killed Dark One on level 5 of The Quest. On T:25887 you completed the quest! On T:26202 you wished for "blessed tinning kit". On T:26510 you reached level 15 of The Dungeons of Doom. On T:26582 you advanced to experience level 16. On T:26634 you genocided all mind flayers On T:26691 you advanced to experience level 17. On T:27013 you reached level 16 of The Dungeons of Doom. On T:27486 you reached level 17 of The Dungeons of Doom. On T:28003 you reached level 18 of The Dungeons of Doom. On T:28283 you reached level 19 of The Dungeons of Doom. On T:28621 you received Magicbane from Thoth. On T:29414 you reached level 20 of The Dungeons of Doom. On T:29984 you wished for "blessed greased fixed +2 leather gloves of fire resistance". On T:29989 you wished for "blessed greased +2 fixed high boots of power". On T:30422 you advanced to experience level 18. On T:32050 you reached level 21 of The Dungeons of Doom. On T:32240 you reached level 22 of The Dungeons of Doom. On T:32511 you killed Medusa on level 22 of The Dungeons of Doom. On T:32554 you reached level 23 of The Dungeons of Doom. On T:32609 you reached level 24 of The Dungeons of Doom. On T:33007 you were saved from death by your amulet of life saving! On T:33255 you reached The Castle. On T:34380 you advanced to experience level 19. On T:34738 you advanced to experience level 20. Latest messages: [HP-2=26] The vampire hits! The vampire bites! Your blood is being drained! The giant eel misses. (2x) The shark misses. [HP-3=23] The vampire hits! The vampire bites! Your blood is being drained! The giant eel bites! The giant eel brushes against your leg. The shark bites! [HP-13=10] The vampire hits! The vampire just misses! The giant eel bites! The giant eel brushes against your leg. The shark bites! You die... The sack is empty. Final status: Goodbye groovejumper the Wizard... You died in The Dungeons of Doom on dungeon level 25 with 25797 points, and 15150 pieces of gold, after 35062 moves. You were level 20 with a maximum of 139 hit points when you died.